 Dungeon Crawl Stone Soup version 0.16-a0-3714-geb26cbe (webtiles) character file.

19666 kroki the Fighter (level 12, 0/67 HPs)
             Began as a Vine Stalker Berserker on Jan 20, 2015.
             Was a High Priest of Trog.
             Succumbed to a greater naga's splash of poison
             ... on level 1 of the Abyss.
             The game lasted 00:14:07 (7692 turns).

kroki the Fighter (Vine Stalker Berserker)          Turns: 7692, Time: 00:14:07

Health: 0/67       AC: 18    Str: 19    XL:     12   Next: 71%
Magic:  2/16       EV: 15    Int:  7    God:    Trog [*****.]
Gold:   402        SH:  0    Dex: 24    Spells: 0 memorised, 11 levels left

rFire  . . .     SeeInvis .     i - +2 dagger (elec)
rCold  . . .     Clarity  .     G - +4 chain mail {rPois}
rNeg   . . .     SustAb   .     (no shield)
rPois  +         Gourm    .     (no helmet)
rElec  .         Spirit   +     d - +0 cloak
rCorr  .         Warding  .     o - +0 pair of gloves
rMut   .         Stasis   .     (no boots)
MR     ++...                    (no amulet)
Stlth  ..........               l - ring of protection from magic
                                t - +4 ring of dexterity

@: lethally poisoned, very slightly contaminated, very resistant to hostile
enchantments, extremely unstealthy
A: fangs 3, regeneration 3, magic shield, antimagic bite, no device heal 3, rot
immunity
a: Burn Spellbooks, Berserk, Trog's Hand, Brothers in Arms, Renounce Religion


You were on level 1 of the Abyss.
You worshipped Trog.
Trog was extremely pleased with you.
You were not hungry.

You visited 3 branches of the dungeon, and saw 16 of its levels.
You visited the Abyss 1 time.
You also visited: Sewer.

You collected 402 gold pieces.

Inventory:

Hand weapons
 i - a +2 dagger of electrocution (weapon)
   (You found it on level 1 of the Dungeon)
 z - a +6 quick blade
   (Trog gifted it to you on level 2 of the Lair of Beasts)
 O - the +7 long sword of the Manifold Runes {drain, rN++ Int+5 SInv}
   (You found it on level 2 of the Snake Pit)

   A truly terrible weapon, it drains the life of those it strikes.
   It affects your intelligence (+5).
   It greatly protects you from negative energy.
   It enhances your eyesight.
Missiles
 D - 7 curare-tipped needles {!f}
Armour
 d - a +0 cloak (worn)
   (You found it on level 2 of the Dungeon)
 o - a +0 pair of gloves (worn)
   (You found it on level 3 of the Dungeon)
 p - a +0 scale mail
   (You found it on level 3 of the Dungeon)
 w - a troll hide {Purgy}
   (You found it in a sewer)
 B - a +0 chain mail
   (You took it off an orc warrior on level 8 of the Dungeon)
 G - a +4 chain mail of poison resistance (worn)
   (You found it on level 8 of the Dungeon)
Jewellery
 b - an uncursed ring of see invisible
   (You found it on level 4 of the Dungeon)
 l - a ring of protection from magic (right hand)
   (You found it on level 2 of the Dungeon)
 s - a +4 ring of dexterity
   (You took it off a kobold on level 4 of the Dungeon)
 t - a +4 ring of dexterity (left hand)
   (You found it on level 2 of the Dungeon)
 C - an uncursed ring of flight
   (You found it on level 8 of the Dungeon)
Magical devices
 F - a wand of fire (10)
   (You found it on level 8 of the Dungeon)
 M - a wand of fireball (3)
   (You found it on level 1 of the Snake Pit)
 Q - a wand of invisibility (3)
   (You found it on level 2 of the Snake Pit)
 R - a wand of digging (13)
   (You found it on level 4 of the Snake Pit)
Scrolls
 a - 2 scrolls of teleportation
 g - a scroll of vulnerability
 k - 3 scrolls of remove curse
 m - a scroll of enchant armour
 n - 5 scrolls of identify
 q - 2 scrolls of recharging
 u - a scroll of immolation
 H - a scroll of magic mapping
 P - a scroll of enchant weapon
Potions
 e - a potion of restore abilities
 h - a potion of heal wounds
 j - 3 potions of curing
 r - 2 potions of agility
 v - a potion of invisibility
 x - 2 potions of mutation {!q}
 E - a potion of haste
 J - a potion of berserk rage
 S - a potion of poison {unknown}
Miscellaneous
 L - a plain deck of war
   (You found it on level 1 of the Snake Pit)
 N - a phial of floods
Comestibles
 c - 2 bread rations
 A - 2 beef jerkies
 I - a meat ration
 K - a royal jelly


   Skills:
 + Level 10.0 Fighting
 + Level 9.9 Short Blades
 + Level 8.9 Armour
 + Level 9.1 Dodging


You had 11 spell levels left.
You didn't know any spells.


Innate Abilities, Weirdness & Mutations

You have razor-sharp teeth.
You regenerate.
When hurt, damage is shared between your health and your magic reserves.
Your bite disrupts and absorbs the magic of your enemies.
Potions and wands cannot restore your health.
You are immune to rotting.

Dungeon Overview and Level Annotations

Branches:
Dungeon (9/15)               Lair (3/8) D:9           Snake (5/5) Lair:3
 Temple: D:4-7        Swamp: Lair:3-6    Shoals: Lair:3-6       Orc: D:9-12

Altars:
Ashenzari
Trog
Xom
The Shining One

Annotations:
Snake:3 exclusion: Roxanne, Roxanne
Snake:4 Mara
Snake:5 Asterion, Louise

.. .# #... . ..
#.#...
...#.###.......
.....)........$
..?............#
............# ...
.........###......
.......##@.......#
.....#.........#.
?..#...........#
...............#
..........∩....
..........∩#.
.........##
##...##.. ##.


There were no monsters in sight!


Message History

The naga mage looks slightly unstable.
The greater naga spits poison at you. The splash of poison hits you!
You are lethally poisoned!
You resist.
Read which item? (? for menu, Esc to quit)
As you read the scroll of fear, it crumbles to dust.
You assume a fearsome visage.
The greater naga is unaffected.
The greater naga is unaffected. x3
The spectral weapon is unaffected.
* * * LOW HITPOINT WARNING * * *
You feel sick.
The greater naga moves out of view.
Louise points at you and mumbles some strange words.
You are cast into the Abyss!
To return, you must find a gate leading back.
Welcome to the Abyss!
The spectral weapon fades away.
You sense a powerful magical force warping space.
Found four items.
You take 1 damage.
* * * LOW HITPOINT WARNING * * *
You feel sick.
You take 1 damage.
Eat which item? (? for menu, Esc to quit)
* * * LOW HITPOINT WARNING * * *
You feel sick.
You continue eating.
* * * LOW HITPOINT WARNING * * *
You feel sick.
You continue eating.
You die...

Notes
Turn   | Place    | Note
--------------------------------------------------------------
     0 | D:1      | kroki, the Vine Stalker Berserker, began the quest for the Orb.
     0 | D:1      | Reached XP level 1. HP: 11/11 MP: 1/1
   168 | D:1      | Reached XP level 2. HP: 16/16 MP: 3/3
   348 | D:1      | Acquired Trog's second power
   643 | D:1      | Reached skill level 3 in Fighting
   643 | D:1      | Reached XP level 3. HP: 20/20 MP: 4/4
   789 | D:2      | Reached skill level 3 in Short Blades
  1256 | D:2      | Reached XP level 4. HP: 22/24 MP: 3/5
  2238 | D:4      | Noticed Duvessa
  2238 | D:4      | Noticed Dowan
  2246 | D:4      | Killed Duvessa
  2246 | D:4      | Reached XP level 5. HP: 28/28 MP: 7/7
  2250 | D:4      | Killed Dowan
  2318 | D:4      | Reached skill level 3 in Dodging
  2318 | D:4      | Gained mutation: You heal very quickly. [vine stalker growth]
  2318 | D:4      | Reached XP level 6. HP: 33/33 MP: 8/8
  2320 | D:4      | Acquired Trog's third power
  2321 | D:4      | Reached skill level 3 in Armour
  2336 | D:4      | Reached skill level 4 in Fighting
  2477 | D:4      | Noticed Natasha
  2480 | D:4      | Noticed Menkaure
  2496 | D:4      | Killed Menkaure
  2496 | D:4      | Reached XP level 7. HP: 28/37 MP: 7/9
  2501 | D:4      | Killed Natasha
  2699 | D:4      | Found a glowing drain.
  2709 | Sewer    | Entered a sewer
  2709 | Sewer    | Noticed B1inky's ghost (average DgFi)
  2712 | Sewer    | Killed B1inky's ghost
  2716 | Sewer    | Noticed Purgy
  2742 | Sewer    | Killed Purgy
  3160 | D:5      | Entered Level 5 of the Dungeon
  3166 | D:5      | Gained mutation: You have razor-sharp teeth. [vine stalker growth]
  3166 | D:5      | Reached XP level 8. HP: 35/42 MP: 9/11
  3340 | D:5      | Reached skill level 5 in Fighting
  3376 | D:5      | Noticed Grinder
  3384 | D:5      | Killed Grinder
  3384 | D:5      | Reached skill level 5 in Short Blades
  3499 | D:5      | You fall through a shaft for 3 floors!
  3499 | D:8      | Found a glowing golden altar of the Shining One.
  3555 | D:8      | Reached skill level 5 in Dodging
  3562 | D:8      | Reached XP level 9. HP: 44/48 MP: 12/12
  3651 | D:8      | Found a shimmering altar of Xom.
  3757 | D:8      | Reached skill level 6 in Fighting
  3757 | D:8      | Reached skill level 5 in Armour
  3809 | D:8      | Reached skill level 6 in Short Blades
  4506 | D:9      | Found a bloodstained altar of Trog.
  4557 | D:9      | Found a staircase to the Lair.
  4557 | D:9      | Noticed a wandering mushroom
  4563 | D:9      | Killed a wandering mushroom
  4672 | D:9      | Reached skill level 6 in Dodging
  4701 | Lair:1   | Entered Level 1 of the Lair of Beasts
  4713 | Lair:1   | Received a gift from Trog
  4730 | Lair:1   | Reached XP level 10. HP: 53/53 MP: 13/13
  4827 | Lair:1   | Noticed a spiny frog
  4832 | Lair:1   | Reached skill level 7 in Fighting
  4832 | Lair:1   | Reached skill level 6 in Armour
  4837 | Lair:1   | Killed a spiny frog
  5302 | Lair:1   | Reached skill level 8 in Fighting
  5312 | Lair:1   | Reached XP level 11. HP: 60/60 MP: 15/15
  5317 | Lair:1   | Reached skill level 8 in Short Blades
  5491 | Lair:2   | Received a gift from Trog
  6379 | Lair:3   | Found a staircase to the Snake Pit.
  6456 | Snake:1  | Entered Level 1 of the Snake Pit
  6478 | Snake:1  | Reached skill level 8 in Dodging
  6521 | Snake:1  | Noticed a naga sharpshooter
  6537 | Snake:1  | Reached skill level 9 in Fighting
  6551 | Snake:1  | Killed a naga sharpshooter
  6606 | Snake:1  | Noticed a naga warrior
  6626 | Snake:1  | Killed a naga warrior
  6792 | Snake:2  | Noticed an anaconda
  6804 | Snake:2  | Killed an anaconda
  6804 | Snake:2  | Reached skill level 8 in Armour
  6804 | Snake:2  | Gained mutation: You regenerate. [vine stalker growth]
  6804 | Snake:2  | Reached XP level 12. HP: 66/66 MP: 13/16
  6859 | Snake:2  | Got a bloodstained long sword
  6871 | Snake:2  | Found a shattered altar of Ashenzari.
  6893 | Snake:2  | Identified the +7 long sword of the Manifold Runes {drain, rN++ Int+5 SInv} (You found it on level 2 of the Snake Pit)
  7054 | Snake:3  | Noticed an anaconda
  7067 | Snake:3  | Killed an anaconda
  7184 | Snake:3  | Noticed Roxanne
  7249 | Snake:4  | Noticed a naga warrior
  7266 | Snake:4  | Killed a naga warrior
  7427 | Snake:4  | Noticed Mara
  7434 | Snake:4  | Noticed an anaconda
  7443 | Snake:4  | Killed an anaconda
  7465 | Snake:4  | Reached skill level 10 in Fighting
  7682 | Snake:5  | Entered Level 5 of the Snake Pit
  7682 | Snake:5  | Noticed a greater naga
  7682 | Snake:5  | Noticed a naga warrior
  7682 | Snake:5  | Noticed a greater naga
  7682 | Snake:5  | Noticed a greater naga
  7682 | Snake:5  | Noticed a naga warrior
  7682 | Snake:5  | Noticed Asterion
  7684 | Snake:5  | Noticed a spectral weapon
  7686 | Snake:5  | Noticed a greater naga
  7686 | Snake:5  | Noticed Louise
  7686 | Snake:5  | Noticed a shock serpent
  7687 | Snake:5  | Noticed a greater naga
  7688 | Snake:5  | Cast into the Abyss (Louise)
  7689 | Abyss:1  | HP: 3/67 [poisoned by a greater naga (splash of poison)]
  7691 | Abyss:1  | HP: 1/67 [poisoned by a greater naga (splash of poison)]
  7692 | Abyss:1  | Succumbed to a greater naga's splash of poison

Vanquished Creatures
  2 naga warriors
  3 anacondas
  2 naga sharpshooters
  A naga ritualist (Snake:4)
  2 mana vipers (Snake:4)
  A salamander (Snake:4)
  6 black mambas
  An elephant (Lair:3)
  2 naga magi
  5 spiny frogs
  3 polar bears (Lair:1)
  A wandering mushroom (D:9)
  Grinder (D:5)
  A basilisk (Lair:1)
  12 yaks (Lair:1)
  The ghost of B1inky the Poker, an average DgFi (Sewer)
  A hungry ghost (D:8)
  4 hippogriffs
  Menkaure (D:4)
  5 water moccasins
  4 porcupines
  6 nagas
  2 sky beasts (D:8)
  Purgy (Sewer)
  4 black bears
  A phantom (D:9)
  2 ice beasts
  2 ogres (D:8)
  2 orc warriors (D:8)
  A centaur (D:8)
  5 crocodiles
  Duvessa (D:4)
  2 giant frogs
  3 scorpions
  5 killer bees (D:8)
  6 wights (D:8)
  A jelly (D:7)
  3 electric eels
  Dowan (D:4)
  2 crimson imps
  7 hounds
  2 orc priests (D:8)
  10 orc wizards
  4 hell rats (Lair:1)
  7 iguanas
  Natasha (D:4)
  2 worker ants
  7 river rats
  10 adders
  3 giant mites
  2 shadow imps
  4 worms
  An adder skeleton (D:8)
  3 giant geckos
  30 orcs
  A ball python (Lair:3)
  10 bats
  3 bat skeletons
  10 giant cockroaches
  20 hobgoblins
  2 quokkas
  7 giant newts
  11 goblins
  6 jackals
  9 kobolds
  16 rats
  2 fungi (D:9)
299 creatures vanquished.

Vanquished Creatures (collateral kills)
  A salamander (Snake:3)
  A guardian serpent (Snake:3)
  A naga mage (Snake:3)
  2 nagas (Snake:3)
5 creatures vanquished.

Vanquished Creatures (others)
  An orc (D:4)
1 creature vanquished.

Grand Total: 305 creatures vanquished

Action                   |  1- 3 |  4- 6 |  7- 9 | 10-12 || total
-------------------------+-------+-------+-------+-------++-------
Melee: Short sword       |    66 |       |       |       ||    66
       Dagger            |    44 |   118 |   387 |   393 ||   942
Invok: Berserk           |     3 |     2 |     9 |    16 ||    30
       Trog's Hand       |       |     2 |     4 |     6 ||    12
       Burn Spellbooks   |       |       |       |     1 ||     1
       Brothers in Arms  |       |       |       |     1 ||     1
  Use: Scroll            |     8 |     3 |     5 |    15 ||    31
       Potion            |       |       |     2 |       ||     2
 Stab: Sleeping          |     1 |       |       |       ||     1
       Confused          |       |       |     1 |       ||     1
  Eat: Chunk             |     3 |     5 |     6 |    11 ||    25
       Pizza             |       |     1 |       |       ||     1
       Fruit             |       |       |     1 |     7 ||     8
       Bread ration      |       |       |     1 |     3 ||     4
       Meat ration       |       |       |     2 |       ||     2

Vault maps used:
D:1:      dpeg_arrival_lava_altar, minmay_tree_intersection, minmay_crystal_room
D:2:      first_bread
D:4:      corexii_shack_village, gup_sewer_entry_spiral, serial_park_tiny_2,
          uniq_natasha, uniq_menkaure, uniq_duvessa
D:5:      lemuel_doored_altar, hangedman_abyss_or_decor_passed, uniq_grinder
D:7:      forest_paths, gammafunk_temple_overflow_wave
D:8:      lemuel_crystal_altar, basic_altar
D:9:      nicolae_overflow_crystal_walls, dpeg_oklobed_lair, serial_shops,
          kennysheep_little_box, spider_trap
Lair:1:   beast_lair_carwin_large_2, lab_entry_generic, wad_woods_road_05,
          serial_bayou_shore_a, lemuel_fruit_tree
Lair:2:   guppyfry_lair_drakes, serial_bayou_shore_b
Lair:3:   minmay_swamp_entry_worms, minmay_snake_entry_six_corridors
Snake:1:  special_room, uniq_aizul
Snake:2:  basic_altar, stair_cage_wide
Snake:3:  basic_altar, grunt_ministairs_1, uniq_vashnia, uniq_roxanne
Snake:4:  nicolae_snake_double_loop, uniq_mara
Snake:5:  snake_hunt, st_stairs_10, uniq_louise, uniq_snorg, uniq_asterion
Sewer:    kennysheep_door_sewer
